 Dungeon Crawl Stone Soup version 0.28.0-49-g6dfe1f597d (webtiles) character file.

Game seed: 9813542654522548017

227 GigaChad the Slasher (level 5, 0/47 HPs)
             Began as a Minotaur Fighter on May 12, 2022.
             Was an Initiate of Ashenzari.
             Succumbed to a water moccasin's poison
             ... in a sewer.
             The game lasted 00:09:16 (3778 turns).

GigaChad the Slasher (Minotaur Fighter)             Turns: 3778, Time: 00:09:17

Health: 0/47       AC:  7    Str: 20    XL:     5   Next: 70%
Magic:  4/4        EV: 10    Int:  5    God:    Ashenzari [......]
Gold:   135        SH:  5    Dex: 12    Spells: 4/4 levels left

rFire   . . .      SeeInvis .   a - +0 long sword
rCold   . . .      Faith    .   c - +0 buckler
rNeg    . . .      Spirit   .   b - +0 scale mail
rPois   .          Reflect  .   (helmet restricted)
rElec   .          Harm     .   (no cloak)
rCorr   .          Rampage  .   (no gloves)
Will    .....                   (no boots)
Stlth   ..........              (no amulet)
HPRegen 0.15/turn               (no ring)
MPRegen 0.09/turn               (no ring)

@: lethally poisoned (0 -> -22), fire susceptible
A: horns 2, retaliatory headbutt
a: Renounce Religion


You were in a sewer.
You worshipped Ashenzari.
Ashenzari was noncommittal.
You visited 2 branches of the dungeon, and saw 5 of its levels.
You also visited: Sewer.

You collected 135 gold pieces.

Inventory:

Hand Weapons
 a - a +0 long sword (weapon)
 e - a +3 spear
Armour
 b - a +0 scale mail (worn)
 c - a +0 buckler (worn)
 l - a +0 chain mail
Wands
 f - a wand of flame (26)
Scrolls
 g - a scroll of magic mapping
 h - a scroll of acquirement {unknown}
 i - a scroll of silence {unknown}
 j - a scroll of identify
 k - a scroll of teleportation
 o - a scroll of immolation {unknown}
 p - a scroll of enchant weapon {unknown}
Potions
 d - a potion of might
 m - a potion of ambrosia {unknown}
 n - 2 potions of curing {unknown}


   Skills:
 + Level 4.4 Fighting
 + Level 5.0 Long Blades
 + Level 4.5 Armour
 + Level 1.8 Dodging
 + Level 4.4 Shields


You had 4 spell levels left.
You didn't know any spells.
Your spell library contained the following spells:

 Spells                   Type           Power      Damage    Failure   Level
 Ignite Poison            Fire/Tmut/Pois 0%         N/A       99%         3
 Mephitic Cloud           Conj/Pois/Air  0%         N/A       99%         3
 Freezing Cloud           Conj/Ice/Air   0%         6-21      100%        5


Dungeon Overview and Level Annotations

Branches:
Dungeon (4/15)             Temple (1/1) D:4           Sewer (1/1)

Altars:
Ashenzari
Cheibriados
Elyvilon
Fedhas
Gozag
Hepliaklqana
Kikubaaqudgha
Makhleb
Nemelex Xobeh
Okawaru
Qazlal
Ru
Sif Muna
Trog
Wu Jian
Xom
Yredelemnul
Zin
Ignis


Innate Abilities, Weirdness & Mutations

You have a pair of horns on your head.
You reflexively headbutt those who attack you in melee.


Message History

The water moccasin is lightly wounded.
The water moccasin bites you! The water moccasin barely misses you.
You closely miss the water moccasin. You headbutt the water moccasin.
The water moccasin is moderately wounded.
The water moccasin misses you.
The water moccasin bites you but does no damage.
You closely miss the water moccasin.
The water moccasin is moderately wounded.
The water moccasin bites you but does no damage.
You closely miss the water moccasin.
The water moccasin is moderately wounded.
You block the water moccasin's attack. The water moccasin bites you.
You closely miss the water moccasin.
The water moccasin is moderately wounded.
The water moccasin bites you. x2
You miss the water moccasin.
The water moccasin is moderately wounded.
The water moccasin barely misses you.
You closely miss the water moccasin.
The water moccasin is moderately wounded.
The water moccasin bites you. x2
You are poisoned.
The water moccasin poisons you!
You miss the water moccasin.
The water moccasin is moderately wounded.
You feel very sick. The water moccasin bites you.
You hit the water moccasin. You headbutt the water moccasin.
The water moccasin is severely wounded.
You feel very sick. You block the water moccasin's attack.
The water moccasin barely misses you.
You closely miss the water moccasin. You headbutt the water moccasin!
The water moccasin is almost dead.
You feel sick. The water moccasin bites you!
* * * LOW HITPOINT WARNING * * *
You are more poisoned.
The water moccasin poisons you! The water moccasin closely misses you.
You slash the water moccasin!
You kill the water moccasin!
You die...

#..$$$..#
#.......#
#.......# .......
..... ... #######
#.# ##.....## #@#
#...≈...## #.#
.†.≈≈≈...#######.#
∩.≈≈≈≈≈..........#
...≈≈≈...#######.#
#...≈...## #.#
##.....## #.#
####### #.# #.#


There were no monsters in sight!

Vanquished Creatures
  A water moccasin (Sewer)
  2 hounds
  Jessica (D:2)
  An orc wizard (D:3)
  2 adders
  2 worms (D:4)
  A dart slug (D:3)
  13 orcs
  6 endoplasms
  2 giant cockroaches
  5 hobgoblins (D:1)
  7 jackals
  7 kobolds
  4 quokkas
  8 ball pythons
  12 bats
  4 frilled lizards
  2 goblins
  4 rats
84 creatures vanquished.

Notes
Turn   | Place    | Note
-------+----------+-------------------------------------------
     0 | D:1      | GigaChad the Minotaur Fighter began the quest for the Orb.
     0 | D:1      | Reached XP level 1. HP: 19/19 MP: 0/0
    64 | D:1      | Reached XP level 2. HP: 7/27 MP: 1/1
   841 | D:1      | Reached XP level 3. HP: 31/33 MP: 2/2
  1218 | D:2      | Noticed Jessica
  1224 | D:2      | Killed Jessica
  1225 | D:2      | Reached skill level 3 in Long Blades
  1377 | D:2      | Reached XP level 4. HP: 25/40 MP: 3/3
  1988 | D:3      | Reached skill level 1 in Dodging
  2054 | D:3      | Reached skill level 4 in Long Blades
  2084 | D:3      | Found a faded altar of an unknown god.
  2107 | D:3      | Prayed at the altar of an unknown god.
  2107 | D:3      | Became a worshipper of Ignis, the Dying Flame
  2134 | D:3      | Reached XP level 5. HP: 8/46 MP: 4/4
  3394 | D:4      | Found a glowing drain.
  3531 | D:4      | Found a staircase to the Ecumenical Temple.
  3555 | D:4      | Reached skill level 5 in Long Blades
  3566 | Temple   | Entered the Ecumenical Temple
  3646 | Temple   | Fell from the grace of Ignis
  3646 | Temple   | Became a worshipper of Ashenzari the Shackled
  3727 | Sewer    | Entered a sewer
  3764 | Sewer    | Noticed a water moccasin
  3778 | Sewer    | Killed a water moccasin
  3778 | Sewer    | Succumbed to a water moccasin's poison

Illustrated notes

Levels and vault maps discovered:
D:1:      grunt_arrival_lava_bath, layout_basic
D:2:      layout_loops_ring, uniq_jessica
D:3:      layout_loops_ring, shapermc_ecumenical_altar_starsandcircs,
          kennysheep_generic_room_12
D:4:      layout_loops_ring, minmay_temple_entry_waves,
          cheibrodos_sewer_entry_sluice
Temple:   regret_index_temple_sigil_plot
Sewer:    sewer_big_baddie

Skill      XL: |  1  2  3  4  5 |
---------------+----------------+-----
Shields        | 4 |  4.4
Fighting       | 4 |  4.4
Armour         | 4 |  4.5
Long Blades    | 3 4 5 |  5.0
Dodging        | 1 |  1.8

Action                   |  1- 3 |  4- 6 || total
-------------------------+-------+-------++-------
Melee: Long sword        |    87 |   113 ||   200
       Headbutt          |     7 |    17 ||    24
Invok: Fiery Armour      |       |     1 ||     1
  Use: Scroll            |       |     2 ||     2
Armor: Scale mail        |    61 |    78 ||   139
Dodge: Dodged            |    80 |    68 ||   148
Block: Buckler           |    28 |    36 ||    64
